[Event "Team 45 45 League T24"]
[Site "Internet Chess Club"]
[Date "2004.09.13"]
[Round "1"]
[White "Knight77"]
[Black "alastorx"]
[Result "0-1"]
[WhiteElo "1805"]
[BlackElo "1862"]
[TimeControl "2700+45"]

1. d4 d5 2. c4 e6 3. Nc3 c5 4. Nf3 Nc6 5. Bf4 a6 6. e3 dxc4 7. Bxc4 b5 8. Nxb5
axb5 9. Bxb5 Qa5+ 10. Qd2 Qxb5 11. d5 Nce7 12. dxe6 Bxe6 13. Rd1 Qb4 14. a3
Qxd2+ 15. Rxd2 Nf6 16. O-O Ned5 17. Be5 Be7 18. Rc1 O-O 19. Rdc2 h6 20. Nd2 Rfd8
21. e4 Nxe4 22. Nxe4 Bf5 23. f3 Bxe4 24. fxe4 Ne3 25. Rc3 Ng4 26. Bf4 Rd4 27.
Re1 f6 28. h3 Ne5 29. Rg3 Kf7 30. Bxe5 fxe5 31. Rf1+ Bf6 32. Rc3 Rxe4 33. Rxc5
Re2 34. Rc7+ Kg6 35. Rf2 Rxf2 36. Kxf2 Rb8 37. b4 Ra8 38. Rc3 e4 39. Rb3 Bd4+
40. Ke2 Kf5 41. g3 Ke5 42. b5 Kd5 43. b6 Kc6 44. Rb4 Bxb6 45. a4 e3 46. Rg4 Ra7
47. Re4 Kd5 48. Kf3 Bd4 49. a5 Rxa5 50. Rf4 Ra7 51. h4 Re7 52. Ke2 Re4 53. Rf5+
Ke6 54. Rf8 Rg4 55. Kd3 Bc5 56. Re8+ Kf7 57. Rc8 Be7 58. Kxe3 Rxg3+ 59. Kf4 Rh3
60. Rc7 Rxh4+ 61. Kg3 g5 62. Rc6 Bf6 63. Rc7+ Kg6 64. Rc8 Rb4 {White resigns}
0-1

[Event "Team 45 45 League T24"]
[Site "Internet Chess Club"]
[Date "2004.09.14"]
[Round "1"]
[White "Anicca"]
[Black "Turnedone"]
[Result "1/2-1/2"]
[WhiteElo "2236"]
[BlackElo "2203"]
[TimeControl "2700+45"]

1. d4 Nf6 2. c4 c5 3. d5 b5 4. cxb5 a6 5. b6 e6 6. Nc3 Nxd5 7. Nxd5 exd5 8. Qxd5
Nc6 9. Nf3 Rb8 10. Ne5 Qf6 11. Nxc6 Qxc6 12. Qxc6 dxc6 13. Bd2 Rxb6 14. Bc3 Be6
15. g3 c4 16. a3 Bd5 17. f3 f5 18. Bg2 h5 19. h4 Kf7 20. e4 fxe4 21. fxe4 Be6
22. O-O+ Kg6 23. Kh2 Bc5 24. Rad1 Rf8 25. Rxf8 Bxf8 26. Bh3 {Game drawn by
mutual agreement} 1/2-1/2

[Event "Team 45 45 League T24"]
[Site "Internet Chess Club"]
[Date "2004.09.12"]
[Round "1"]
[White "fileman"]
[Black "trevor21"]
[Result "0-1"]
[WhiteElo "2026"]
[BlackElo "2184"]
[TimeControl "2700+45"]

1. e4 e6 2. d4 d5 3. e5 c5 4. c3 Nc6 5. Nf3 Bd7 6. Be2 Qb6 7. O-O f6 8. a3 a5 9.
b3 Qc7 10. Bf4 f5 11. Nbd2 h6 12. h4 Nge7 13. dxc5 Ng6 14. g3 Bxc5 15. b4 Be7
16. b5 Ncxe5 17. Nxe5 Nxe5 18. Nf3 Nxf3+ 19. Bxf3 Bd6 20. Bxd6 Qxd6 21. c4 O-O
22. cxd5 e5 23. a4 e4 24. Bg2 Rae8 25. Qd4 f4 26. Bxe4 fxg3 27. f3 Qf4 28. Kg2
Kh8 29. Rh1 Rc8 30. Raf1 Rc2+ 31. Bxc2 Qxd4 32. Be4 Qxa4 33. Kxg3 {White
resigns} 0-1

[Event "Team 45 45 League T24"]
[Site "Internet Chess Club"]
[Date "2004.09.09"]
[Round "1"]
[White "siddhu"]
[Black "Plattner"]
[Result "0-1"]
[WhiteElo "1898"]
[BlackElo "1770"]
[TimeControl "2700+45"]

1. e4 e6 2. d4 d5 3. exd5 exd5 4. a3 Bd6 5. Nc3 c6 6. Qe2+ Ne7 7. Bd2 O-O 8.
O-O-O b5 9. g4 b4 10. axb4 Bxb4 11. h4 a5 12. g5 Nf5 13. Be1 Ba6 14. Qg4 Bxf1
15. Qxf5 Bxc3 16. Bxc3 Bg2 17. Rh2 Be4 18. Qg4 Qd6 19. Rh3 g6 20. Qg3 Qxg3 21.
Rxg3 Nd7 22. Rh3 Nb6 23. b3 a4 24. Bb4 Rfe8 25. Re1 axb3 26. Rxb3 Ra1+ 27. Rb1
Raa8 28. f3 Bf5 29. Rxe8+ Rxe8 30. Kb2 Nc4+ 31. Kc1 Ne3 32. Bd6 Nxc2 33. Rb6
Nxd4 34. Bc5 Ne6 35. Ba3 c5 36. Rc6 Nd8 37. Rxc5 Re1+ 38. Kd2 Rxg1 39. Rxd5 Ne6
40. Ra5 Rb1 41. Ra8+ Kg7 42. Bd6 Rb5 43. Kc3 Rd5 44. Ra6 Rd3+ 45. Kc4 Rd4+ 46.
Kc3 Rxd6 47. Rxd6 h6 48. gxh6+ Kxh6 49. Rd7 Kg7 50. Kd2 Nf4 51. Rd4 Nh5 52. Ke3
Kf6 53. f4 Be6 54. Kf3 Ng7 55. Rb4 Nf5 56. Kg4 Kg7 57. h5 Ne3+ 58. Kh4 Nf5+ 59.
Kg4 gxh5+ 60. Kxh5 Kf6 61. Kg4 Ne7+ 62. Kf3 Kf5 63. Rb5+ Kf6 64. Ra5 Bd5+ 65.
Kg4 Bc4 66. Rc5 Be2+ 67. Kg3 Nf5+ 68. Kf2 Bg4 69. Rc6+ Kg7 70. Ra6 f6 71. Ra7+
Kg6 72. Ra8 Ng7 73. Kg3 Bf5 74. Kf3 Be6 75. Ra6 Bd5+ 76. Kg4 Be6+ 77. Kf3 f5 78.
Ra1 Bd5+ 79. Ke3 Ne6 80. Rg1+ Kf6 81. Rd1 Be4 82. Rd6 Ke7 83. Ra6 Nc5 84. Ra7+
Kd6 85. Rh7 Ne6 86. Rh6 Kd5 87. Rh2 Kc4 88. Rh8 Kb5 89. Rb8+ Kc6 90. Rc8+ Nc7
91. Rd8 Nd5+ 92. Kd4 Nxf4 93. Rc8+ Kd6 94. Rd8+ Ke7 95. Rh8 Kf6 96. Rf8+ Kg5 97.
Rg8+ Ng6 98. Ke3 Bb1 99. Kf3 Ba2 100. Rg7 Kf6 101. Ra7 Bd5+ 102. Ke3 Ke5 103.
Ra1 f4+ 104. Kf2 Ne7 105. Re1+ Be4 106. Ra1 Nd5 107. Ra5 Kf5 108. Ra8 Nf6 109.
Ra5+ Bd5 110. Rb5 Ne4+ 111. Kg1 Ke5 112. Rb8 f3 113. Re8+ Kf4 114. Rf8+ Ke3 115.
Kh2 f2 116. Kh3 Bc4 117. Kg2 Bd5 118. Kh3 Ke2 119. Kg2 Nf6+ {White resigns} 0-1

[Event "Team 45 45 League T24"]
[Site "Internet Chess Club"]
[Date "2004.09.12"]
[Round "1"]
[White "BillyNoMates"]
[Black "fernbap"]
[Result "0-1"]
[WhiteElo "1750"]
[BlackElo "1767"]
[TimeControl "2700+45"]

1. e4 c5 2. Nf3 e6 3. d4 cxd4 4. Nxd4 a6 5. Nc3 Qc7 6. f4 Nc6 7. Be3 d6 8. Be2
b5 9. f5 Nxd4 10. Qxd4 e5 11. Qd2 Nf6 12. O-O Bb7 13. Bf3 Rc8 14. a3 Be7 15.
Rad1 O-O 16. g4 Qc4 17. Qg2 h6 18. h4 d5 19. g5 hxg5 20. hxg5 Nxe4 21. Nxe4 dxe4
22. Be2 Qc6 23. b4 Rfd8 24. f6 Rxd1 25. Bxd1 Bd8 26. Qg4 Bb6 27. Qg3 Bxe3+ 28.
Qxe3 Qc3 29. Re1 Qxe3+ 30. Rxe3 gxf6 31. gxf6 Rd8 32. Re1 Kh7 33. c3 Kg6 34. Bc2
Kxf6 35. Bxe4 Bxe4 36. Rxe4 Rc8 37. Re3 Ke6 38. Rh3 Rc6 39. Kf2 f5 40. Ke2 Kd5
41. Kd3 e4+ 42. Kc2 f4 43. Rh5+ Kc4 44. Rh4 Kd5 45. Rh5+ Ke6 46. Rh6+ Kd7 47.
Rh7+ Ke8 48. Rh5 Re6 49. Kd2 Kd7 50. Rf5 f3 51. Ke3 Kd6 52. Rf8 Ke5 53. Rf7 Rd6
54. Re7+ Re6 55. Rf7 Rf6 56. Re7+ Kd6 57. Rxe4 f2 {White resigns} 0-1

[Event "Team 45 45 League T24"]
[Site "Internet Chess Club"]
[Date "2004.09.10"]
[Round "1"]
[White "jmc860"]
[Black "fernbap"]
[Result "0-1"]
[WhiteElo "1591"]
[BlackElo "1750"]
[TimeControl "2700+45"]

1. e4 c5 2. Nc3 Nc6 3. g3 g6 4. Bg2 Bg7 5. Nge2 e6 6. d3 Nge7 7. O-O a6 8. a3
O-O 9. Be3 Nd4 10. Rb1 Qa5 11. Bg5 Nec6 12. Nxd4 cxd4 13. Ne2 Qxg5 14. c3 Rb8
15. Bf3 b5 16. Rc1 Bb7 17. b3 dxc3 18. Nxc3 Nd4 19. Bg2 Rbc8 20. f4 Qe7 21. b4
d5 22. exd5 exd5 23. Bxd5 Rxc3 24. Re1 Rxc1 25. Qxc1 Ne2+ 26. Rxe2 Qxe2 27. Bxb7
Qxd3 28. Kh1 Bb2 29. Qe1 Bxa3 30. Be4 Re8 31. Bxd3 Rxe1+ 32. Kg2 Bxb4 33. h3 Bc5
34. Kf3 b4 35. Bxa6 b3 36. Bd3 b2 37. g4 b1=Q 38. Bxb1 Rxb1 39. h4 f5 40. h5
Rb3+ 41. Kg2 Bd6 42. hxg6 hxg6 43. g5 Bxf4 44. Kf2 Kf7 45. Ke2 Ke6 46. Kd1 Rb2
47. Ke1 Ke5 48. Kd1 Ke4 49. Ke1 Kd3 50. Kf1 Ke3 51. Kg1 Kf3 52. Kh1 Kg3 53. Kg1
Rb1# {White checkmated} 0-1

[Event "Team 45 45 League T24"]
[Site "Internet Chess Club"]
[Date "2004.09.12"]
[Round "1"]
[White "gessie7"]
[Black "forquesato"]
[Result "1/2-1/2"]
[WhiteElo "1532"]
[BlackElo "1658"]
[TimeControl "2700+45"]

1. e4 c5 2. Nf3 Nc6 3. Nc3 g6 4. Bc4 Bg7 5. d3 Nf6 6. Be3 d6 7. h3 a6 8. Qd2 O-O
9. Bh6 b5 10. Bxg7 Kxg7 11. Bd5 Bb7 12. a3 Qa5 13. O-O Nxd5 14. exd5 Nd4 15.
Nxd4 cxd4 16. b4 Qc7 17. Ne2 Bxd5 18. Nxd4 Rac8 19. Rac1 Qc3 20. Qe3 e5 21. Nf5+
gxf5 22. Qg5+ Kh8 23. Qf6+ Kg8 24. Qg5+ Kh8 {Game drawn by mutual agreement}
1/2-1/2

[Event "Team 45 45 League T24"]
[Site "Internet Chess Club"]
[Date "2004.09.11"]
[Round "1"]
[White "Rainbird"]
[Black "reijo"]
[Result "0-1"]
[WhiteElo "1550"]
[BlackElo "1556"]
[TimeControl "2700+45"]

1. Nf3 d5 2. c4 c6 3. g3 Nf6 4. Bg2 Bf5 5. O-O h6 6. b3 e6 7. Bb2 Nbd7 8. h3 Be7
9. Nc3 Qc7 10. d3 O-O 11. Re1 Rfd8 12. cxd5 cxd5 13. Nd4 Bh7 14. a3 Rac8 15. Rc1
Qb8 16. b4 a6 17. Qd2 Bd6 18. e4 dxe4 19. Nxe4 Nxe4 20. dxe4 Ne5 21. Qe2 b5 22.
Rcd1 Nc4 23. Ba1 e5 24. Nf5 Bxf5 25. exf5 Nxa3 26. Bxe5 Nc2 27. Bxd6 Rxd6 28.
Rxd6 Qxd6 29. Rc1 Qxb4 30. Be4 Re8 31. Rxc2 Qxe4 32. Qxe4 Rxe4 33. Rc8+ Kh7 34.
Ra8 Ra4 35. Rb8 b4 36. Kg2 a5 37. g4 Ra3 38. f3 b3 39. h4 Ra2+ 40. Kg3 b2 41. g5
h5 42. g6+ fxg6 43. fxg6+ Kxg6 44. Rb6+ Kh7 45. Rb5 a4 46. Rxh5+ Kg8 47. Kg4
{White resigns} 0-1

[Event "Team 45 45 League T24"]
[Site "Internet Chess Club"]
[Date "2004.09.13"]
[Round "1"]
[White "ogoon"]
[Black "Huskey"]
[Result "1-0"]
[WhiteElo "1529"]
[BlackElo "1529"]
[TimeControl "2700+45"]

1. Nf3 Nc6 2. d4 e6 3. c4 d5 4. cxd5 exd5 5. a3 Nf6 6. e3 Bd6 7. Be2 O-O 8. Nbd2
Ne4 9. Qc2 Ng5 10. Bd3 f5 11. b4 Qf6 12. Bb2 a6 13. O-O-O Ne4 14. Nb3 a5 15. b5
a4 16. Nc5 Na5 17. Bxe4 fxe4 18. Ne5 Bxc5 19. dxc5 Nb3+ 20. Kb1 Qxf2 21. Qxf2
Rxf2 22. Rxd5 Be6 23. Rdd1 Rxg2 24. Rdg1 Rxg1+ 25. Rxg1 Nxc5 26. Rc1 b6 27. Nc6
Rf8 28. Rg1 g6 29. Be5 Rf3 30. Bxc7 Rxe3 31. Bxb6 Rxa3 32. Bxc5 Rb3+ 33. Kc2
Rxb5 34. Be3 a3 35. Rb1 a2 36. Ra1 Bb3+ 37. Kc3 Bf7 38. Nb4 Ra5 39. Kd4 Ra4 40.
Kc5 Ra3 41. Kd4 Kg7 42. Kxe4 h6 43. Bd4+ Kh7 44. Rc1 Rb3 45. Nxa2 Rh3 46. Rc2
Rh4+ 47. Ke5 g5 48. Rc7 Kg6 49. Rc6+ Kh5 50. Rc2 Kg4 51. Rf2 Bxa2 52. Rxa2 Kf3
53. Bc5 g4 54. Rf2# {Black checkmated} 1-0

[Event "Team 45 45 League T24"]
[Site "Internet Chess Club"]
[Date "2004.09.13"]
[Round "1"]
[White "rph"]
[Black "TrueBraveheart"]
[Result "1-0"]
[WhiteElo "1721"]
[BlackElo "1702"]
[TimeControl "2700+45"]

1. d4 d5 2. c4 e6 3. Nc3 Nf6 4. cxd5 Nxd5 5. e4 Nxc3 6. bxc3 c5 7. Nf3 cxd4 8.
cxd4 Bb4+ 9. Bd2 Bxd2+ 10. Qxd2 b6 11. Rc1 Bb7 12. Bd3 O-O 13. O-O Nd7 14. Rc2
Rc8 15. Rfc1 Qe7 16. Rc7 Rb8 17. Ne5 Rfd8 18. Bb5 Bc8 19. Nc6 Qh4 20. Nxb8 Nxb8
21. Rxc8 h6 22. Qc2 Kh7 23. f3 a6 24. Bd3 Nd7 25. Rxd8 Qxd8 26. Bxa6 g6 27. Bb5
Nf6 28. Qc4 Nh5 29. d5 exd5 30. Qxd5 Qe7 31. Bc4 Kg7 32. Qd4+ Kh7 33. Qxb6 Qa3
34. Rd1 Nf4 35. Qf6 Nh3+ 36. gxh3 {Black resigns} 1-0

[Event "Team 45 45 League T24"]
[Site "Internet Chess Club"]
[Date "2004.09.11"]
[Round "1"]
[White "Lyko"]
[Black "hoyd"]
[Result "1-0"]
[WhiteElo "1548"]
[BlackElo "1631"]
[TimeControl "2700+45"]

1. e4 c5 2. Nf3 Nc6 3. d4 cxd4 4. Nxd4 g6 5. Be3 Nf6 6. Bd3 Qb6 7. Nb3 Qc7 8.
O-O Bg7 9. Nc3 a6 10. Rb1 O-O 11. f4 d6 12. h3 e6 13. Qf3 Nb4 14. f5 Nxd3 15.
cxd3 b6 16. Rbc1 Qd7 17. fxg6 fxg6 18. Qe2 b5 19. Qd2 Bb7 20. Bh6 Rac8 21. Bxg7
Kxg7 22. Na5 Ba8 23. Rf3 Qa7+ 24. Kh1 Qb6 25. b4 Qd4 26. Ne2 Rxc1+ 27. Nxc1 Nxe4
28. Qe1 Rxf3 29. gxf3 Ng5 30. Nab3 Bxf3+ 31. Kh2 Qb2+ 32. Nd2 Qxb4 33. Qe3 Bb7
34. Qxg5 Kf7 35. Ne4 Qb2+ 36. Kg3 Bxe4 37. dxe4 Qc3+ 38. Kg2 Qc2+ 39. Kf3 Qd1+
40. Ne2 Qh1+ 41. Qg2 Qa1 42. Qf2 Qxa2 43. Qa7+ Kg8 44. Qb8+ Kg7 45. Qxd6 Qb3+
46. Kg2 Qa2 47. Qe5+ Kf7 48. Kf3 Qb3+ 49. Kg4 h5+ 50. Kh4 Qc4 51. Nd4 Qc8 52.
Qg5 Qd7 53. Nf3 Qe7 54. Ne5+ Ke8 55. Qxe7+ Kxe7 56. Nxg6+ Kf6 57. Nf4 b4 58. Nd3
b3 59. Nb2 a5 60. Kxh5 Kg7 61. e5 Kh7 62. h4 Kg7 63. Kg5 Kf7 64. Kh6 Ke7 65. Kg7
Kd7 66. h5 Kc6 67. h6 Kb5 68. h7 Kb4 69. h8=Q a4 70. Qb8+ Ka3 71. Nc4+ Ka2 72.
Qb4 Ka1 73. Qxa4+ Kb1 74. Qxb3+ Kc1 75. Qa2 Kd1 76. Qd2# {Black checkmated} 1-0

[Event "Team 45 45 League T24"]
[Site "Internet Chess Club"]
[Date "2004.09.09"]
[Round "1"]
[White "crankn8tr"]
[Black "olymon"]
[Result "1-0"]
[WhiteElo "1485"]
[BlackElo "1366"]
[TimeControl "2700+45"]

1. Nf3 c5 2. c4 Nc6 3. Nc3 e6 4. d4 Qc7 5. e4 Nf6 6. Be2 Be7 7. O-O d6 8. h3 Bd7
9. Be3 e5 10. Nd5 Qb8 11. Nxf6+ gxf6 12. d5 Bxh3 13. gxh3 Qc8 14. Kh2 Na5 15.
Qa4+ Nc6 16. dxc6 bxc6 17. Nh4 O-O 18. Nf5 Bd8 19. Bh6 Qd7 20. Rg1+ Kh8 21. Bxf8
Bc7 22. Bg7+ {Black resigns} 1-0

[Event "Team 45 45 League T24"]
[Site "Internet Chess Club"]
[Date "2004.09.09"]
[Round "1"]
[White "will7"]
[Black "JLMOE"]
[Result "0-1"]
[WhiteElo "1326"]
[BlackElo "1433"]
[TimeControl "2700+45"]

1. e4 Nf6 2. Nc3 e6 3. Bc4 b6 4. e5 Nd5 5. Nxd5 exd5 6. Bxd5 Nc6 7. Qf3 Nxe5 8.
Bxa8 Nxf3+ 9. Bxf3 Bc5 10. Ne2 O-O 11. O-O Ba6 12. d3 Re8 13. Bd2 Qh4 14. Nf4
Bb5 15. Nd5 Bc6 16. Rae1 Rxe1 17. Bxe1 Bxd5 18. Bxd5 c6 19. Bb3 Qf6 20. Bc3 Bd4
21. Bxd4 Qxd4 22. Re1 Kf8 23. Rb1 a5 24. c3 Qe5 25. d4 Qe4 26. Rc1 Qe2 27. h3
Qxb2 28. Rc2 Qb1+ 29. Kh2 b5 30. Re2 a4 31. Bc2 Qxa2 32. Kg3 Qb2 33. d5 a3 34.
Bd3 Qxc3 35. Re3 a2 36. dxc6 dxc6 37. Bxh7 Qb2 38. Be4 a1=Q 39. Bxc6 Qe5+ 40.
Rxe5 Qxe5+ 41. Kh4 Qf6+ 42. Kg3 Qxc6 {White resigns} 0-1

[Event "Team 45 45 League T24"]
[Site "Internet Chess Club"]
[Date "2004.09.13"]
[Round "1"]
[White "Catalog"]
[Black "HebertPerezG"]
[Result "0-1"]
[WhiteElo "2187"]
[BlackElo "2254"]
[TimeControl "2700+45"]

1. c4 f5 2. d4 Nf6 3. g3 g6 4. Bg2 Bg7 5. Nc3 O-O 6. e4 fxe4 7. Nxe4 Nxe4 8.
Bxe4 Nc6 9. Be3 e5 10. Ne2 exd4 11. Nxd4 Nxd4 12. Bxd4 Qe7 13. f3 Qb4+ 14. Kf2
Qxc4 15. Bxg7 Kxg7 16. Re1 Qb4 17. Re2 c6 18. a3 Qb6+ 19. Kg2 d5 20. Bb1 Bd7 21.
b4 Rf7 22. g4 Raf8 23. Raa2 Rxf3 24. Re7+ R3f7 25. Qe1 Bxg4 26. Rf2 Qd4 27. h3
Bd7 28. Rd2 Qf6 29. Re3 Qg5+ 30. Rg3 Rf1 31. Rxg5 Rxe1 32. Bc2 Re3 {White
resigns} 0-1

[Event "Team 45 45 League T24"]
[Site "Internet Chess Club"]
[Date "2004.09.11"]
[Round "1"]
[White "SpanishFly"]
[Black "EdBorowski"]
[Result "0-1"]
[WhiteElo "1980"]
[BlackElo "2054"]
[TimeControl "2700+45"]

1. e4 c6 2. d4 d5 3. Nc3 dxe4 4. Nxe4 Nd7 5. Nf3 Ngf6 6. Ng3 e6 7. Bd3 c5 8. O-O
b6 9. Re1 Be7 10. Ne5 Bb7 11. Bb5 Rc8 12. Nxd7 Nxd7 13. Qg4 g6 14. Bh6 a6 15.
Bxd7+ Qxd7 16. dxc5 Rxc5 17. Bg7 h5 18. Qf4 Rg8 19. Bc3 Qc6 20. f3 Bg5 21. Qb8+
Qc8 22. Qxc8+ Rxc8 23. Ne4 Be7 24. Rad1 Bxe4 25. Rxe4 Rd8 26. Rxd8+ Kxd8 27. Bb4
Bxb4 28. Rxb4 Kc7 29. Rd4 Re8 30. f4 Re7 31. Kf2 Kc6 32. Ke3 e5 33. Re4 exf4+
34. Kxf4 Rxe4+ 35. Kxe4 f6 36. h4 Kc5 37. a3 Kc4 38. Ke3 Kd5 39. b3 Ke5 40. c4
g5 41. b4 gxh4 42. c5 bxc5 43. bxc5 Kd5 44. c6 Kxc6 45. Ke4 Kb5 46. Kf5 Ka4 47.
Kxf6 Kxa3 48. Kg5 h3 {White resigns} 0-1

[Event "Team 45 45 League T24"]
[Site "Internet Chess Club"]
[Date "2004.09.11"]
[Round "1"]
[White "Bydlo"]
[Black "MaxII"]
[Result "1-0"]
[WhiteElo "1840"]
[BlackElo "1628"]
[TimeControl "2700+45"]

1. e4 e5 2. Nf3 Nf6 3. Nc3 d6 4. d4 exd4 5. Qxd4 Be7 6. Bg5 O-O 7. O-O-O Nc6 8.
Qd2 Be6 9. h4 h6 10. Be3 a6 11. h5 b5 12. Bd3 Bg4 13. Nd5 Ne5 14. Nxe5 Nxd5 15.
Nxg4 Nxe3 16. Nxe3 c5 17. Nd5 Re8 18. Rhe1 c4 19. Bf1 Bg5 20. f4 Bh4 21. Re3 Re6
22. g3 Be7 23. Bh3 Bf6 24. Bxe6 fxe6 25. Nxf6+ Qxf6 26. Qxd6 a5 27. Qc6 b4 28.
Qxa8+ {Black resigns} 1-0

[Event "Team 45 45 League T24"]
[Site "Internet Chess Club"]
[Date "2004.09.17"]
[Round "1"]
[White "trikmamak"]
[Black "IAMC"]
[Result "1-0"]
[WhiteElo "2169"]
[BlackElo "2041"]
[TimeControl "2700+45"]

1. e4 e5 2. Bc4 Nc6 3. Nf3 Nf6 4. d3 Bc5 5. O-O d6 6. c3 Bg4 7. h3 Bxf3 8. Qxf3
h6 9. Re1 Qd7 10. a4 a6 11. Nd2 Na5 12. Bd5 Ba7 13. b4 Nc6 14. Bb3 O-O 15. Nf1
Nh7 16. Ng3 Kh8 17. Qh5 Ne7 18. Ra2 Ng8 19. Kh1 g6 20. Qh4 Qd8 21. Qxd8 Raxd8
22. b5 h5 23. bxa6 bxa6 24. a5 h4 25. Nf1 f5 26. exf5 Rxf5 27. Ne3 Bxe3 28. Bxe3
d5 29. d4 e4 30. Ba4 Rb8 31. Raa1 Ne7 32. Rab1 Rff8 33. Bh6 Rxb1 34. Rxb1 Rxf2
35. Rb8+ Ng8 36. Bc6 Rf1+ 37. Kh2 Nf6 38. Bg5 Kg7 39. Ra8 Ne7 40. Rxa6 Rf5 41.
Bxh4 e3 42. Bb5 g5 43. Bg3 Ne4 44. Be1 Kf7 45. Ra7 Nd2 46. Rxc7 Nc4 47. Bxc4
dxc4 48. a6 Ra5 49. a7 Ra1 50. d5 Kf6 51. d6 Nc6 52. Rxc6 Rxa7 53. Rxc4 Ra1 54.
Rd4 {Black resigns} 1-0

[Event "Team 45 45 League T24"]
[Site "Internet Chess Club"]
[Date "2004.09.12"]
[Round "1"]
[White "azbycx"]
[Black "DavidBarnsley"]
[Result "0-1"]
[WhiteElo "1896"]
[BlackElo "2063"]
[TimeControl "2700+45"]

1. d4 e6 2. c4 f5 3. g3 Nf6 4. Bg2 Bb4+ 5. Bd2 Be7 6. Nc3 O-O 7. Nh3 d6 8. Qb3
c6 9. Rd1 Qe8 10. O-O Kh8 11. e4 e5 12. dxe5 dxe5 13. exf5 Na6 14. f3 Bxf5 15.
Be3 Nc5 16. Bxc5 Bxc5+ 17. Kh1 Qg6 18. Qxb7 Rab8 19. Qxc6 Rfc8 20. Qa6 Rxb2 21.
Ne4 Rb6 22. Qxc8+ Bxc8 23. Rd8+ Ng8 24. Rxc8 Rc6 25. Rb8 Rb6 26. Rc8 Bd4 27. f4
h6 28. f5 Qg4 29. Nef2 Qxf5 30. Ra8 Rb1 31. Nd1 Qd3 32. Rff8 Rxd1+ 33. Bf1 Rxf1+
34. Kg2 Qe2+ {White resigns} 0-1

[Event "Team 45 45 League T24"]
[Site "Internet Chess Club"]
[Date "2004.09.12"]
[Round "1"]
[White "boffin"]
[Black "elnik"]
[Result "1-0"]
[WhiteElo "2003"]
[BlackElo "1904"]
[TimeControl "2700+45"]

1. e4 c5 2. Nc3 Nc6 3. f4 g6 4. Nf3 Bg7 5. Bb5 Nd4 6. O-O Nxb5 7. Nxb5 d6 8. d3
a6 9. Nc3 Nf6 10. Qe1 O-O 11. Qh4 e6 12. Ne2 Nd7 13. Qf2 b5 14. c3 Bb7 15. Ng3
Rc8 16. Bd2 Nb6 17. b3 b4 18. Rac1 a5 19. d4 Qe7 20. dxc5 dxc5 21. cxb4 axb4 22.
Bxb4 cxb4 23. Qxb6 Rfd8 24. Qf2 Bc3 25. Rfd1 Ba6 26. e5 Qb7 27. Qe3 Qb5 28. Ne4
Rd3 29. Rxd3 Qxd3 30. Qxd3 Bxd3 31. Nxc3 bxc3 32. Ne1 Be4 33. g4 h5 34. h3 hxg4
35. hxg4 Kg7 36. Kf2 f5 37. exf6+ Kxf6 38. Ke3 Bb7 39. Nf3 Bd5 40. Ne5 Ra8 41.
Rc2 Ra7 42. Nc4 g5 43. a4 Bxc4 44. bxc4 Rxa4 45. Rxc3 gxf4+ 46. Kxf4 Ra6 47. c5
Rc6 48. Rc4 Kg6 49. Kf3 Kg5 50. Kg3 Kg6 51. Kf4 Kf6 52. g5+ Kg6 53. Kg4 e5 54.
Rc3 e4 55. Kf4 e3 56. Kxe3 Kxg5 57. Ke4 Kf6 58. Kd5 Rc8 59. Kd6 Ra8 60. c6 Ra1
61. c7 Rd1+ 62. Kc6 {Black resigns} 1-0

[Event "Team 45 45 League T24"]
[Site "Internet Chess Club"]
[Date "2004.09.10"]
[Round "1"]
[White "deathmage"]
[Black "Chief-Justice"]
[Result "0-1"]
[WhiteElo "1711"]
[BlackElo "1848"]
[TimeControl "2700+45"]

1. e4 c5 2. Nf3 d6 3. d4 cxd4 4. Nxd4 Nf6 5. Nc3 a6 6. Bg5 e6 7. f4 Be7 8. Qf3
Qc7 9. Bd3 b5 10. O-O-O Bb7 11. f5 e5 12. Nde2 Nbd7 13. g4 Rc8 14. Bxf6 gxf6 15.
Ng3 Nb6 16. h4 b4 17. Nd5 Nxd5 18. exd5 Qa5 19. Kb1 Bxd5 20. Bb5+ Qxb5 21. Rxd5
Qc4 22. Rh2 Rg8 23. Ne4 Rxg4 24. Nxd6+ Bxd6 25. Rxd6 Rxh4 26. Rhd2 Rf4 27. Qg2
Qf1+ 28. Qxf1 Rxf1+ 29. Rd1 Rxd1+ 30. Rxd1 Rd8 31. Rh1 Ke7 32. c3 bxc3 33. bxc3
Rd3 34. Kc2 Rf3 35. Rxh7 Rxf5 36. Kb3 e4 37. c4 e3 38. Rh2 Re5 39. Re2 f5 40.
Kc3 f4 41. Kd4 f6 42. Kd3 Kd6 43. Rh2 Kc5 44. Re2 a5 45. Re1 e2 46. Rxe2 Rxe2
47. Kxe2 Kxc4 48. Kf3 Kb4 49. Kxf4 Ka3 50. Kf5 Kxa2 51. Kxf6 Kb3 52. Ke5 a4 53.
Kd4 a3 54. Kd3 a2 {White resigns} 0-1

[Event "Team 45 45 League T24"]
[Site "Internet Chess Club"]
[Date "2004.09.09"]
[Round "1"]
[White "doobedoo"]
[Black "PostMike"]
[Result "1/2-1/2"]
[WhiteElo "1747"]
[BlackElo "1566"]
[TimeControl "2700+45"]

1. e4 e5 2. Nf3 Nc6 3. Nc3 Nf6 4. Bb5 Bb4 5. d3 d6 6. O-O h6 7. Nd5 Ba5 8. b4
Bb6 9. Nxb6 axb6 10. Bb2 O-O 11. a3 Bg4 12. Bxc6 bxc6 13. h3 Bh5 14. g4 Bg6 15.
Nh4 Qd7 16. f4 exf4 17. Bxf6 gxf6 18. Rxf4 Kg7 19. Qf3 d5 20. Nf5+ Bxf5 21. gxf5
Kh7 22. Kf2 Rg8 23. exd5 Qxd5 24. Qxd5 cxd5 25. a4 c5 26. c3 Rge8 27. a5 cxb4
28. cxb4 bxa5 29. bxa5 Ra6 30. Rfa4 Re5 31. Rf4 d4 32. Kg3 Re3+ 33. Rf3 Re5 34.
Kf4 Raxa5 35. Rxa5 Rxa5 36. Ke4 Ra4 37. Rg3 h5 38. Kd5 Ra5+ 39. Kxd4 Rxf5 40.
Ke4 Re5+ 41. Kd4 Kh6 42. h4 Ra5 43. Ke3 Re5+ 44. Kf4 {Game drawn by mutual
agreement} 1/2-1/2

[Event "Team 45 45 League T24"]
[Site "Internet Chess Club"]
[Date "2004.09.11"]
[Round "1"]
[White "Bookkeeper"]
[Black "Pick"]
[Result "0-1"]
[WhiteElo "1489"]
[BlackElo "1686"]
[TimeControl "2700+45"]

1. d4 d5 2. Nf3 Nf6 3. e3 Bg4 4. Nbd2 Nbd7 5. c3 e6 6. Bd3 c5 7. Qc2 c4 8. Be2
Bd6 9. h3 Bh5 10. a4 Rc8 11. O-O a5 12. Re1 Bg6 13. Qd1 O-O 14. Nh4 e5 15. Nxg6
fxg6 16. b3 exd4 17. exd4 Nb6 18. bxc4 Nxc4 19. Nxc4 dxc4 20. Bf3 Qc7 21. Rb1 b6
22. Bd2 Rce8 23. Rb5 Rxe1+ 24. Bxe1 Re8 25. Kf1 h5 26. Qb1 Qe7 27. Rxb6 g5 28.
Bc6 Qe2+ {White resigns} 0-1

[Event "Team 45 45 League T24"]
[Site "Internet Chess Club"]
[Date "2004.09.13"]
[Round "1"]
[White "Ciclamino"]
[Black "chesskix"]
[Result "1-0"]
[WhiteElo "1562"]
[BlackElo "1518"]
[TimeControl "2700+45"]

1. e4 c5 2. c3 e5 3. d4 cxd4 4. cxd4 Bb4+ 5. Bd2 Qa5 6. Qg4 g6 7. dxe5 Bxd2+ 8.
Nxd2 Qxe5 9. Nc4 Qc5 10. Rd1 Nf6 11. Qf4 Nh5 12. Nd6+ {Black resigns} 1-0

[Event "Team 45 45 League T24"]
[Site "Internet Chess Club"]
[Date "2004.09.11"]
[Round "1"]
[White "Eatfatty"]
[Black "SeniorCitizen"]
[Result "1-0"]
[WhiteElo "1501"]
[BlackElo "1421"]
[TimeControl "2700+45"]

1. d4 d5 2. c4 e6 3. Nc3 Nf6 4. cxd5 exd5 5. Bg5 Be7 6. e3 Nc6 7. Nf3 a6 8. Bd3
Be6 9. O-O Nd7 10. Bxe7 Nxe7 11. Qc2 Ng6 12. Rab1 O-O 13. Rfc1 c6 14. a4 Nb6 15.
b4 Nd7 16. b5 cxb5 17. axb5 a5 18. Na4 b6 19. Qb2 Rc8 20. Rc6 Rb8 21. Rbc1 Rb7
22. R1c3 Ne7 23. Qb3 Qb8 24. Qa3 Re8 25. Qc1 Nxc6 26. bxc6 Ra7 27. cxd7 Rxd7 28.
Bb5 {Black resigns} 1-0

[Event "Team 45 45 League T24"]
[Site "Internet Chess Club"]
[Date "2004.09.12"]
[Round "1"]
[White "az2112"]
[Black "jks2000"]
[Result "1-0"]
[WhiteElo "1711"]
[BlackElo "1620"]
[TimeControl "2700+45"]

1. Nf3 Nf6 2. g3 e6 3. Bg2 d5 4. d4 c5 5. c3 Nc6 6. O-O Qb6 7. e3 Be7 8. b3 Bd7
9. dxc5 Bxc5 10. Ba3 Bxa3 11. Nxa3 Qc5 12. Qc1 Ne4 13. c4 dxc4 14. Nxc4 Rc8 15.
Qb2 O-O 16. Rac1 Nf6 17. Rfd1 Rfd8 18. Nd6 Qb6 19. Nxc8 Rxc8 20. Ne5 Be8 21. Nc4
Qa6 22. Nd6 Rd8 23. Bf1 Qb6 24. Nc4 Qc7 25. Rxd8 Qxd8 26. Qd2 Qxd2 27. Nxd2 Kf8
28. Bg2 Nd5 29. a3 Nce7 30. Nc4 Nc6 31. Nd6 Na5 32. Bxd5 {Black resigns} 1-0

[Event "Team 45 45 League T24"]
[Site "Internet Chess Club"]
[Date "2004.09.11"]
[Round "1"]
[White "GadsHill"]
[Black "Gomer"]
[Result "1-0"]
[WhiteElo "1571"]
[BlackElo "1387"]
[TimeControl "2700+45"]

1. d4 d5 2. c4 Nf6 3. Nc3 e6 4. cxd5 exd5 5. Bg5 Be7 6. e3 c6 7. Qc2 O-O 8. Bd3
Qd6 9. Bxf6 Qxf6 10. Bxh7+ Kh8 11. Bd3 Na6 12. a3 g6 13. h3 Bf5 14. Bxf5 gxf5
15. Nge2 Bd6 16. O-O-O Kg7 17. g3 Nc7 18. Nf4 Bxf4 19. gxf4 Rae8 20. Rdg1+ Kh7
21. Rg5 Kh8 22. Rh5+ Kg7 23. Rg1+ {Black resigns} 1-0